 Dungeon Crawl Stone Soup version 0.30-a0-1053-gbd8d5ba0ad (webtiles) character file.

Game seed: 3900846732821161091

397 domi the Digger (level 7, 0/50 HPs)
             Began as a Meteoran Earth Elementalist on Apr 11, 2023.
             Was a Follower of Cheibriados.
             Slain by a wyvern (8 damage)
             ... on level 6 of the Dungeon.
             The game lasted 00:07:20 (818 turns).

domi the Digger (Meteoran Earth Elementalist)        Turns: 818, Time: 00:07:21

Health: 0/50       AC:  7    Str: 19    XL:     7   Next: 32%
Magic:  9/12       EV: 12    Int: 20    God:    Cheibriados [*.....]
Gold:   64         SH:  0    Dex: 16    Spells: 5/11 levels left

rFire   . . .      SeeInvis .    h - +2 quarterstaff (spect)
rCold   + . .      Faith    +    (shield currently unavailable)
rNeg    + . .      Spirit   .    t - +2 leather armour {rC+}
rPois   .          Reflect  .    m - +0 helmet
rElec   +          Rampage  .    (no cloak)
rCorr   +                        d - +0 pair of gloves
Will    .....                    (no boots)
Stlth   +                        r - amulet of faith {Faith, !P!P}
HPRegen 0.28/turn                o - ring of positive energy {rN+}
MPRegen 0.13/turn                s - ring of Xom's Full Attention {rElec rCorr Str+6 Stlth-}

@: glowing, very slow
A: sense surroundings 1, otherworldly, glowing, explore regen
a: Renounce Religion, Bend Time


You were on level 6 of the Dungeon.
You worshipped Cheibriados.
Cheibriados was aware of your devotion.
You visited 1 branch of the dungeon, and saw 6 of its levels.

You collected 64 gold pieces.

Inventory:

Hand Weapons
 h - a +2 spectral quarterstaff (weapon)
   (You found it on level 3 of the Dungeon)
Armour
 a - a +0 robe
 d - a +0 pair of gloves (worn)
   (You found it on level 2 of the Dungeon)
 m - a +0 helmet (worn)
   (You found it on level 4 of the Dungeon)
 t - a +2 leather armour of cold resistance (worn)
   (You found it on level 4 of the Dungeon)
Jewellery
 o - a ring of positive energy (left hand) {rN+}
   (You found it on level 4 of the Dungeon)
 r - an amulet of faith (around neck) {Faith, !P!P}
   (You found it on level 4 of the Dungeon)
 s - the ring of Xom's Full Attention (right hand) {rElec rCorr Str+6 Stlth-}
   (You found it on level 4 of the Dungeon)

   [ring of strength]

   Str:       It affects your strength (+6).
   rElec:     It insulates you from electricity.
   rCorr:     It protects you from acid and corrosion.
   Stlth:     It makes you less stealthy.
Scrolls
 e - 2 scrolls of teleportation {unknown}
 f - a scroll of amnesia {unknown}
 g - a scroll of fog {unknown}
 j - 2 scrolls of fear {unknown}
 k - a scroll of silence {unknown}
 n - a scroll of enchant weapon {unknown}
 q - a scroll of identify {unknown}
 u - a scroll of enchant armour {unknown}
Potions
 b - a potion of magic
 c - a potion of invisibility {unknown}
 i - a potion of degeneration {unknown}
 l - a potion of heal wounds {unknown}
 p - 2 potions of brilliance {unknown}


   Skills:
 + Level 2.6 Armour
 - Level 2.4 Dodging
 - Level 1.4 Stealth
 - Level 2.6 Spellcasting
 + Level 4.3 Conjurations
 - Level 1.2 Transmutations
 + Level 7.0 Earth Magic


You had 5 spell levels left.
You knew the following spells:

 Your Spells              Type           Power      Damage    Failure   Level
x - Stone Arrow           Conj/Erth      50%        3d10      4%          3
z - Sandblast             Erth           60%        2d14      1%          1
N - Passwall              Tmut/Erth      15%        N/A       4%          2

Your spell library contained the following spells:

 Spells                   Type           Power      Damage    Failure   Level
 Shock                    Conj/Air       44%        1d5       7%          1
 Petrify                  Tmut/Erth      19%        N/A       32%         4
 Swiftness                Air            2%         N/A       45%         3
 Airstrike                Air            1%         2d(1-17)  86%         4


Dungeon Overview and Level Annotations

Branches:
Dungeon (6/15) Zot: 4235
 Temple: D:4-7

Altars:
Cheibriados
Makhleb


Innate Abilities, Weirdness & Mutations

You passively map a small area around you.
You are easily found by Zot.
You glow in the dark.
You regain HP and MP as you explore.


Message History

Aim: a kobold, wielding a +0 short sword and quivering poisoned darts (79% to hit)
The blast of sand hits the kobold!
You kill the kobold!
Cheibriados thoroughly appreciates the change of pace.
s - the ring of Xom's Full Attention {rElec rCorr Str+6 Stlth-} You feel stronger.
s - the ring of Xom's Full Attention (right hand) {rElec rCorr Str+6 Stlth-} A kobold comes into view.
It is wielding a +0 whip.
The kobold shouts!
Aim: a kobold, wielding a +0 whip (79% to hit)
The blast of sand hits the kobold!
You kill the kobold!
Cheibriados appreciates the change of pace.
There is a stone staircase leading down here.
You see here a +2 leather armour of cold resistance.
t - a +2 leather armour of cold resistance You start removing your armour.
You continue taking off your +0 robe. x4
You finish taking off your +0 robe.
You start putting on your armour.
You continue putting on your +2 leather armour of cold resistance. x5
You finish putting on your +2 leather armour of cold resistance.
You feel resistant to cold.
You now have 64 gold pieces (gained 8).
Things that are here:
a +0 short sword; 8 poisoned darts; a kobold corpse
There is a stone staircase leading down here.
You climb downwards.
You hear the sound of rushing water.
There is an entrance to a sewer on this level.
Hurry and find it before the portal rusts away!
There is a stone staircase leading up here.
A phantom comes into view.
Aim: a phantom (76% to hit)
You miscast Sandblast.
You are very lightly contaminated with residual magic.
Nothing appears to happen.
You can't see any susceptible monsters within range! (Use Z to cast anyway.) Unknown command.
Unknown command.
Aim: a phantom (76% to hit)
The blast of sand hits the phantom!
The phantom hits you but does no damage.
The phantom hits you.
Aim: a phantom (heavily damaged, 76% to hit)
The blast of sand hits the phantom.
The phantom hits you but does no damage.
Aim: a phantom (severely damaged, 76% to hit)
The blast of sand misses the phantom.
The phantom misses you. The phantom barely misses you.
Your magical contamination has completely faded away.
Aim: a phantom (severely damaged, 76% to hit)
The blast of sand misses the phantom.
The phantom barely misses you.
Aim: a phantom (severely damaged, 76% to hit)
The blast of sand hits the phantom!
You destroy the phantom!
Cheibriados appreciates the change of pace.
Your Armour skill increases to level 1!
You hear the slow rusting of a drain nearby.
j - 2 scrolls labelled EBLAMU UDUM (gained 1)
u - a scroll labelled RATO NOIKA HEM An ogre comes into view.
It is wielding a +0 giant spiked club.
Found a stone staircase leading up.
Aim: an ogre, wielding a +0 giant spiked club (92% to hit)
The blast of sand hits the ogre!
Aim: an ogre, wielding a +0 giant spiked club (moderately wounded, 92% to hit)
The blast of sand hits the ogre!!
You kill the ogre!
Cheibriados appreciates the change of pace.
Your Armour skill increases to level 2!
Your Conjurations skill increases to level 4!
You have reached level 7!
Okay, then.
Found a stone staircase leading down.
There is a stone staircase leading down here.
You climb downwards.
There is a stone staircase leading up here.
Found a stone staircase leading down. 2 orc wizards and a bullfrog come into view.
The orc wizard shouts! x2; The bullfrog croaks.
An orc comes into view. It is wielding a +0 club.
A wyvern comes into view.
The orc wizard moves out of view.
Aim: a bullfrog (80% to hit)
The blast of sand hits the bullfrog!
An orc comes into view. It is wielding a +0 dagger.
Aim: a bullfrog (heavily wounded, 80% to hit)
The blast of sand misses the bullfrog.
The orc shouts!
The bullfrog completely misses you. The bullfrog hits you.
The bullfrog attacks as you move away! The bullfrog hits you. x2
Aim: a bullfrog (heavily wounded, 80% to hit)
The blast of sand hits the bullfrog!
You kill the bullfrog!
Cheibriados thoroughly appreciates the change of pace.
The wyvern bites you! The wyvern closely misses you.
Your Earth Magic skill increases to level 7!
Aim: a wyvern (84% to hit)
The blast of sand hits the wyvern!
The wyvern bites you!
* * * LOW HITPOINT WARNING * * *
The wyvern bites you!
You die...

,,, * * , ,
, , , ,
###* * * *
#.. oo , ,
#.####o.# *
, ,
#........ ,
, .
#oo....#
..# ,#l#*
*, ..., #@#
*
#..,#.####
* *
,#...#....#
* ,
#.....##.#
* *
#.#...<#,#,
, , #....#
* * *
#.#..#
#>#..# * *
, ,.....# ,
* ,


You could see a wyvern, an orc wizard and an orc.

Vanquished Creatures
  An ogre (D:5)
  2 phantoms
  A bullfrog (D:6)
  Jessica (D:2)
  An orc wizard (D:4)
  An adder (D:3)
  An ufetubus (D:4)
  3 worms
  2 orcs (D:4)
  5 endoplasms
  3 goblins
  3 hobgoblins (D:3)
  5 kobolds
  3 bats
  2 frilled lizards
  A rat (D:1)
35 creatures vanquished.

Vanquished Creatures (others)
  An orc wizard (D:4)
1 creature vanquished.

Grand Total: 36 creatures vanquished

Notes
Turn   | Place    | Note
-------+----------+-------------------------------------------
     0 | D:1      | domi the Meteoran Earth Elementalist began the quest for
                  | the Orb.
     0 | D:1      | Reached XP level 1. HP: 14/14 MP: 5/5
    28 | D:1      | Reached skill level 4 in Earth Magic
    35 | D:1      | Reached XP level 2. HP: 20/20 MP: 2/6
   176 | D:2      | Noticed Jessica
   183 | D:2      | Killed Jessica
   184 | D:2      | Reached skill level 5 in Earth Magic
   184 | D:2      | Reached XP level 3. HP: 18/26 MP: 5/8
   189 | D:2      | Learned a level 3 spell: Stone Arrow
   192 | D:2      | Learned a level 2 spell: Passwall
   288 | D:3      | Reached XP level 4. HP: 33/33 MP: 7/9
   427 | D:3      | Found a snail-covered altar of Cheibriados.
   430 | D:3      | Became a worshipper of Cheibriados the Contemplative
   444 | D:3      | Found a burning altar of Makhleb.
   466 | D:3      | Reached skill level 1 in Conjurations
   601 | D:4      | Noticed a phantom
   608 | D:4      | Killed a phantom
   609 | D:4      | Reached skill level 3 in Conjurations
   609 | D:4      | Reached skill level 6 in Earth Magic
   609 | D:4      | Reached XP level 5. HP: 27/38 MP: 4/10
   617 | D:4      | Reached XP level 6. HP: 31/45 MP: 0/11
   690 | D:4      | Reached * piety under Cheibriados
   698 | D:4      | Identified the ring of Xom's Full Attention {rElec rCorr
                  | Str+6 Stlth-}
   736 | D:5      | Entered Level 5 of the Dungeon
   767 | D:5      | Reached skill level 1 in Armour
   791 | D:5      | Noticed an ogre
   794 | D:5      | Killed an ogre
   795 | D:5      | Reached skill level 2 in Armour
   795 | D:5      | Reached skill level 4 in Conjurations
   795 | D:5      | Reached XP level 7. HP: 50/50 MP: 9/12
   813 | D:6      | Noticed a wyvern
   818 | D:6      | Reached skill level 7 in Earth Magic
   818 | D:6      | HP: 8/50 [wyvern (16)]
   818 | D:6      | Slain by a wyvern

Illustrated notes

Levels and vault maps discovered:
D:1:      mrwooster_arrival_statue_2, layout_basic, columned_hall_lemuel
D:2:      layout_basic, uniq_crazy_yiuf_cottage, uniq_jessica
D:3:      kb_forest_paths, layout_loops_ring, mainiacjoe_overflow_swirl
D:4:      layout_gridville, dreamdust_princess_corridor
D:5:      layout_loops_cross, mainiacjoe_overflow_alcove_4,
          nemelex_spade_bored_becter, gup_sewer_entry_glass
D:6:      layout_basic, amcnicky_altar_gilded, nicolae_sif_muna_little_library,
          nzn_hepliaklqana_mist_gate, serial_shops, nicolae_shop_stone,
          minmay_hollow_rounded_squares

Skill      XL: |  1  2  3  4  5  6  7 |
---------------+----------------------+-----
Earth Magic    | 4 5 6 7 |  7.0
Conjurations   | 3 4 |  4.3
Armour         | 2 |  2.6
Dodging        | |  2.4
Stealth        | |  1.4
Spellcasting   | |  2.6
Transmutations | |  1.2

Action                     |  1- 3 |  4- 6 |  7- 9 || total
---------------------------+-------+-------+-------++-------
   Cast: Sandblast         |    20 |    46 |     4 ||    70
         Passwall          |       |     7 |       ||     7
 Armour: Robe              |     2 |    13 |       ||    15
         Leather armour    |       |     2 |       ||     2
  Dodge: Dodged            |     2 |    20 |     2 ||    24

Table legend: (Time is in decaauts)
 A = Elapsed time spent in this place.
 B = Non-inter-level travel time spent in this place.
 C = Inter-level travel time spent in this place.
 D = Time resting spent in this place.
 E = Time spent auto-exploring this place.
 F = Levels seen in this place.
 G = Mean time per level.
                   A        B        C        D        E       F      G
               +--------+--------+--------+--------+--------+-----+--------+
         Total |    944 |    944 |      0 |      0 |      0 |   6 |  157.3 |
       Dungeon |    944 |    944 |      0 |      0 |      0 |   6 |  157.3 |
               +--------+--------+--------+--------+--------+-----+--------+

Top non-repeatable levels by time:
     D:3: 288 daAuts
     D:4: 275 daAuts
     D:2: 222 daAuts
     D:5: 96 daAuts
     D:1: 49 daAuts
     D:6: 13 daAuts

Table legend:
 A = Kills in this place as a percentage of kills in the entire game.
 B = Kills by you in this place as a percentage of kills by you in the entire game.
 C = Kills by friends in this place as a percentage of kills by friends in the entire game.
 D = Other kills in this place as a percentage of other kills in the entire game.
 E = Experience gained in this place as a percentage of experience gained in the entire game.
 F = Experience gained in this place divided by the number of levels of this place that you have seen.
                   A       B       C       D       E      F
               +-------+-------+-------+-------+-------+----------------------
         Total | 100.0 | 100.0 |   N/A |   N/A | 100.0 |  94.7
       Dungeon | 100.0 | 100.0 |   N/A |   N/A | 100.0 |  94.7
               +-------+-------+-------+-------+-------+----------------------
